Cogmind - Beta 14 @@@ ROGUE MODE // 2024.10.08 @ 13:49:50 Player: CONM Result: Destroyed by G-47 Trooper with Particle Gun Performance ------------- Evolutions (2) 1000 Regions Visited (4) 800 Robots Destroyed (19) 95 Value Destroyed (531) 531 Prototype IDs (0) 0 Alien Tech Used (0) 0 Bonus (0) 0 TOTAL SCORE: 2426 Bonus ------- None Cogmind --------- Core Integrity 0/550 Matter 288/300 Energy 100/100 System Corruption 4% Temperature Cool (9) Movement Core (50) Location -8/Storage Parts ------- > --- POWER (1) -------- (None) > --- PROPULSION (3) --- (None) > --- UTILITY (4) ------ Improved Power Shielding > --- WEAPON (3) ------- (None) > --- INVENTORY (5) ---- Improved Hover Unit Heat Sink Improved Heat Sink Weight Redist. System Peak State ------------ > --- POWER ------------ Light Ion Engine > --- PROPULSION ------- Light Treads Light Treads Spiked Treads > --- UTILITY ---------- High-capacity Storage Unit Improved Sensor Array Improved Terrain Scanner Advanced Targeting Computer > --- WEAPON ----------- Subdweller Laser Battle Rifle > --- INVENTORY -------- Improved Hover Unit Heat Sink Improved Heat Sink Weight Redist. System [Rating: 19] Favorites ----------- Power Ion Engine Engine Ion Engine Propulsion Light Treads Treads Light Treads Utility Small Storage Unit Device Seismic Detector Storage Small Storage Unit Processor Advanced Targeting Computer Protection Light Armor Plating Weapon Subdweller Laser Energy Gun Subdweller Laser Ballistic Gun Subdweller Machine Gun Build | -11 -10 -10 -8 -8 ------- Run | Yrd Mat Sub Mat Sto Slots Evolved 4 | . . . 4 . Power . | . . . . . Propulsion 1 | . . . 1 . Utility 2 | . . . 2 . Weapon 1 | . . . 1 . Parts Attached 27 | 7 1 11 1 7 Power 3 | 1 1 1 . . Engine 3 | 1 1 1 . . Core . | . . . . . Reactor . | . . . . . Propulsion 5 | 2 . 2 1 . Treads 5 | 2 . 2 1 . Leg . | . . . . . Wheel . | . . . . . Hover . | . . . . . Flight . | . . . . . Utility 11 | 2 . 3 . 6 Device 6 | 1 . 2 . 3 Storage 2 | 1 . . . 1 Processor 1 | . . . . 1 Hackware . | . . . . . Protection 2 | . . 1 . 1 Artifact . | . . . . . Weapon 8 | 2 . 5 . 1 Energy Gun 3 | . . 2 . 1 Energy Cannon . | . . . . . Ballistic Gun 5 | 2 . 3 . . Ballistic Cannon . | . . . . . Launcher . | . . . . . Special Weapon . | . . . . . Impact Weapon . | . . . . . Slashing Weapon . | . . . . . Piercing Weapon . | . . . . . Special Melee Weapon . | . . . . . Unidentified Prototypes . | . . . . . Parts Lost 10 | . . 4 . 6 Power 1 | . . 1 . . Propulsion 3 | . . 1 . 2 Utility 4 | . . 2 . 2 Weapon 2 | . . . . 2 Highest Loss Streak 5 | . . 3 . 5 To Critical Strikes . | . . . . . Average Slot Usage (%) 92 | . 100 98 54 50 Engine 12 | . 14 13 9 5 Treads 26 | . 28 28 27 15 Device 9 | . 14 6 . 8 Storage 13 | . 14 14 9 5 Protection 3 | . . 5 . 2 Energy Gun 6 | . . 12 . 1 Ballistic Gun 18 | . 28 15 9 4 Peak Build Rating 19 | 7 8 12 13 19 Average Rating 9 | 5 7 10 8 10 On Entrance 7 | . 7 8 12 8 Naked Turns 35 | . . . . 35 Heaviest Build 47 | 12 14 21 10 47 Greatest Support 60 | 40 40 40 60 60 Greatest Overweight (x) . | . . . . . Average Overweight (x) . | . . . . . Largest Inventory Capacity 20 | 8 8 8 8 20 Average Capacity 8 | 7 8 8 8 11 Most Carried 8 | 1 8 8 6 5 Average Carried 6 | . 7 7 5 4 Final Capacity 8 | 8 8 8 8 5 Final Carried 8 | 1 8 7 5 4 Class Distribution -------------------- 100% | Mutant Dominant Class ---------------- Mutant | -10/Materials Mutant | -10/Subcaves Mutant | -8/Materials Mutant | -8/Storage Resources | -11 -10 -10 -8 -8 ----------- Run | Yrd Mat Sub Mat Sto Matter Collected 622 | 282 62 182 . 96 Remotely . | . . . . . Salvage Created 672 | 42 253 318 . 59 Parts 49 | 5 13 28 . 3 Haulers Intercepted 1 | . 1 . . . Recyclers Shooed . | . . . . . Parts Field Recycled . | . . . . . Retrieved Matter . | . . . . . Parts Self-Destructed 9 | . . 9 . . Prevented . | . . . . . Kills | -11 -10 -10 -8 -8 ------- Run | Yrd Mat Sub Mat Sto Combat Hostiles Destroyed 16 | . 5 10 . 1 Guns 16 | . 5 10 . 1 Classes Destroyed 7 | 2 3 2 . . Worker 1 | 1 . . . . Tunneler 1 | 1 . . . . Hauler 1 | . 1 . . . Swarmer 4 | . 1 3 . . Grunt 5 | . 4 . . 1 Sentry 1 | . . 1 . . Subdweller 6 | . . 6 . . Best Kill Streak 3 | 1 2 3 . 1 Combat Bots Only 3 | . 2 3 . 1 Max Kills in Single Turn 1 | 1 1 1 . 1 Gunslinging . | . . . . . Exploded . | . . . . . Melee . | . . . . . Uniques/NPCs Destroyed . | . . . . . Combat | -11 -10 -10 -8 -8 -------- Run | Yrd Mat Sub Mat Sto Hostile Shots Fired 169 | . 20 71 . 78 Missed 52 | . 7 21 . 24 Damage Taken 2070 | . 132 967 . 971 Core 795 | . 15 227 . 553 Absorbed by Shields . | . . . . . Core Remaining (%) 51 | 100 . 3 . . Volleys Fired 98 | 3 20 64 . 11 Largest 2 | 2 2 2 . 2 Hottest 90 | 40 40 90 . 85 Shots Fired 180 | 6 40 118 . 16 Gun 180 | 6 40 118 . 16 Cannon . | . . . . . Launcher . | . . . . . Special . | . . . . . Kinetic 129 | 6 40 72 . 11 Thermal 51 | . . 46 . 5 Explosive . | . . . . . Electromagnetic . | . . . . . Robot Hit Streak 10 | 2 8 10 . 8 Robot Miss Streak 3 | 1 1 3 . 2 Penetration Max . | . . . . . Secondary Targets 2 | . . 2 . . Max Gunslinging Chain 1 | . . 1 . . Shots Hit Robots 91 | 3 27 49 . 12 Core Hits 37 | 2 13 16 . 6 Critical Kills 1 | . . 1 . . Critical Parts Destroyed . | . . . . . Critical Strikes 3 | . . 3 . . Destroy 3 | . . 3 . . Melee Attacks . | . . . . . Impact . | . . . . . Slashing . | . . . . . Piercing . | . . . . . Sneak Attacks . | . . . . . Combat Hostiles . | . . . . . Follow-up Attacks . | . . . . . Damage Inflicted 1539 | 49 279 948 . 263 Guns 1462 | 49 279 948 . 186 Cannons . | . . . . . Explosions . | . . . . . Melee . | . . . . . Ramming 77 | . . . . 77 Kinetic 1019 | 49 279 565 . 126 Thermal 443 | . . 383 . 60 Explosive . | . . . . . Electromagnetic . | . . . . . Impact . | . . . . . Slashing . | . . . . . Piercing . | . . . . . Highest Corruption 4 | . . . . 4 Average Corruption 3 | . . . . 3 Corruption Purged . | . . . . . Corruption Blocked . | . . . . . Overload Shots . | . . . . . Overflow Damage . | . . . . . Projectiles . | . . . . . Explosions . | . . . . . Melee . | . . . . . Knockbacks 1 | . . . . 1 Impact 1 | . . . . 1 Kinetic . | . . . . . Secondary . | . . . . . Self-Inflicted Damage 27 | . . . . 27 Shots . | . . . . . Rammed 21 | . . . . 21 Targets Rammed 21 | . . . . 21 Kicked . | . . . . . Crushed . | . . . . . Highest Temperature 124 | . 9 20 . 124 Average Temperature 30 | . 7 5 . 67 Received Heat Transfer 669 | . 36 210 . 423 Siege Activations . | . . . . . Robots Corrupted . | . . . . . Combat Hostiles . | . . . . . Parts Fried . | . . . . . Impact Corruptions . | . . . . . Robots Melted . | . . . . . Combat Hostiles . | . . . . . Parts Melted 1 | . . 1 . . Heat Transferred 550 | . . 475 . 75 Parts Sabotaged . | . . . . . Parts Stolen . | . . . . . Parts Stripped . | . . . . . Power Chain Reactions . | . . . . . Alert | -11 -10 -10 -8 -8 ------- Run | Yrd Mat Sub Mat Sto Peak Influence 161 | 10 118 . . 161 Initial 6 | . 6 . . . Average 41 | 1 50 . . 35 Maximum Alert Level . | . . . . . Low Security (%) 100 | 100 100 . 100 100 Level 1 . | . . . . . Level 2 . | . . . . . Level 3 . | . . . . . Level 4 . | . . . . . Level 5 . | . . . . . High Security . | . . . . . Max Security . | . . . . . Squads Dispatched 3 | . . . . 3 Investigation 1 | . . . . 1 Extermination . | . . . . . Reinforcement 2 | . . . . 2 Assault . | . . . . . Garrison . | . . . . . Intercept . | . . . . . Searches Triggered . | . . . . . Construction Impeded . | . . . . . Haulers Reinforced . | . . . . . Active Scanning Responses . | . . . . . Cargo Convoy Interrupts . | . . . . . Stealth | -11 -10 -10 -8 -8 --------- Run | Yrd Mat Sub Mat Sto Distress Signals 3 | . 1 . . 2 Communications Jammed . | . . . . . Distress Signals . | . . . . . Times Spotted 42 | . 12 10 3 17 Peak Tracking Total 12 | . 4 3 3 12 Tactical Retreats 1 | . . . . 1 Traps | -11 -10 -10 -8 -8 ------- Run | Yrd Mat Sub Mat Sto Traps Triggered 1 | . . 1 . . Indirectly . | . . . . . Trap Hack Attempts . | . . . . . Triggered . | . . . . . Disarmed . | . . . . . Reprogrammed . | . . . . . Reused . | . . . . . Traps Extracted . | . . . . . Installed . | . . . . . Triggered . | . . . . . Machines | -11 -10 -10 -8 -8 ---------- Run | Yrd Mat Sub Mat Sto Machines Disabled . | . . . . . Max in Single Turn . | . . . . . Machines Repaired . | . . . . . Machines Dismantled . | . . . . . Machines Sabotaged . | . . . . . Overloaded Fab Kills . | . . . . . Hacking | -11 -10 -10 -8 -8 --------- Run | Yrd Mat Sub Mat Sto Machines Accessed 7 | . 1 . . 6 Terminals 5 | . . . . 5 Fabricators . | . . . . . Repair Stations . | . . . . . Recycling Units 1 | . 1 . . . Scanalyzers . | . . . . . Garrison Access 1 | . . . . 1 Total Hacks 17 | . 2 . . 15 Successful 5 | . 2 . . 3 Failed 12 | . . . . 12 Catastrophic 2 | . . . . 2 Database Lockouts . | . . . . . Manual 5 | . . . . 5 Terminals 13 | . . . . 13 Fabricators . | . . . . . Repair Stations . | . . . . . Recycling Units 2 | . 2 . . . Scanalyzers . | . . . . . Garrison Access 2 | . . . . 2 Terminal Hacks 1 | . . . . 1 Open Door 1 | . . . . 1 Fabricator Hacks . | . . . . . Repair Station Hacks . | . . . . . Recycling Unit Hacks 2 | . 2 . . . Report Inventory 1 | . 1 . . . Retrieve Components 1 | . 1 . . . Scanalyzer . | . . . . . Garrison Access Hacks 1 | . . . . 1 Unlock Access 1 | . . . . 1 Unauthorized Hacks 1 | . . . . 1 Terminals 1 | . . . . 1 Botnet 1 | . . . . 1 Fabricators . | . . . . . Repair Stations . | . . . . . Recycling Units . | . . . . . Scanalyzers . | . . . . . Garrison Access . | . . . . . Data Cores Recovered . | . . . . . Used . | . . . . . Hacking Detections 7 | . 1 . . 6 Full Trace Events 2 | . . . . 2 Feedback Events . | . . . . . Feedback Blocked . | . . . . . Robot Schematics Acquired . | . . . . . Robots Built . | . . . . . Authchips . | . . . . . Time . | . . . . . Total Robot Build Rating . | . . . . . Part Schematics Acquired . | . . . . . Parts Built . | . . . . . Authchips . | . . . . . Time . | . . . . . Total Part Build Rating . | . . . . . Parts Repaired . | . . . . . Time . | . . . . . Parts Recycled . | . . . . . Recycled Matter . | . . . . . Retrieved Matter . | . . . . . Retrieved Components 2 | . 2 . . . Parts Scanalyzed . | . . . . . Part Schematics Acquired . | . . . . . Parts Damaged . | . . . . . Bothacking | -11 -10 -10 -8 -8 ------------ Run | Yrd Mat Sub Mat Sto Used RIF Installer . | . . . . . Robots Hacked . | . . . . . Non-combat . | . . . . . Combat . | . . . . . Robot Hacks Applied . | . . . . . Relay Couplers Released . | . . . . . Fabnet Peak Effective % . | . . . . . Robots Rewired . | . . . . . Allies Hacked . | . . . . . Hacks Repelled . | . . . . . Allies | -11 -10 -10 -8 -8 -------- Run | Yrd Mat Sub Mat Sto Total Allies . | . . . . . Largest Group . | . . . . . Highest-Rated Group . | . . . . . Highest-Rated Ally . | . . . . . Total Orders . | . . . . . Ally Attacks . | . . . . . Total Damage . | . . . . . Kills . | . . . . . Allies Corrupted . | . . . . . Allies Melted . | . . . . . Intel | -11 -10 -10 -8 -8 ------- Run | Yrd Mat Sub Mat Sto Robot Analysis Total . | . . . . . Derelict Logs Recovered . | . . . . . Drone Launches . | . . . . . Drone Recoveries . | . . . . . Exploration | -11 -10 -10 -8 -8 ------------- Run | Yrd Mat Sub Mat Sto Turns Passed 2428 | 107 801 1213 40 267 Spaces Moved 1167 | 61 232 623 24 227 Core 171 | 10 . . . 161 Treads 996 | 51 232 623 24 66 Legs . | . . . . . Wheels . | . . . . . Hover . | . . . . . Flight . | . . . . . Fastest Speed 50 | 50 160 160 160 50 Average Speed 143 | 141 160 160 160 81 Slowest Speed 160 | 160 160 160 160 160 Overloaded Moves . | . . . . . Propulsion Burnouts . | . . . . . Robots Hopped . | . . . . . Cave-ins Triggered . | . . . . . Exploration Rate (%) 25 | 4 19 52 5 47 Regions Visited 4 Branch Regions 2 Pre-discovered Areas . | . . . . . Known Exits Taken . | . . . . . Unknown Exits Taken 4 | 1 1 1 1 . Scrap Searched 1 | . . 1 . . Spaces Dug . | . . . . . Terrain Destroyed . | . . . . . Melee . | . . . . . Projectile . | . . . . . AOE . | . . . . . Terrain Rammed . | . . . . . Walls Destroyed . | . . . . . Machines Disabled . | . . . . . Actions | -11 -10 -10 -8 -8 --------- Run | Yrd Mat Sub Mat Sto Total 1725 | 73 628 724 28 272 Wait 392 | 2 364 22 . 4 Move 1163 | 60 231 622 23 227 Hop . | . . . . . Pick Up 12 | 1 9 1 . 1 Fast Attach 15 | 7 . 3 . 5 Attach 5 | . . 3 1 1 Detach 1 | . . . 1 . Swap 7 | . 1 5 . 1 Drop 11 | . 3 4 3 1 Fire 98 | 3 20 64 . 11 Melee . | . . . . . Ram 13 | . . . . 13 Kick . | . . . . . Crush 8 | . . . . 8 Escape Stasis . | . . . . . Rewire . | . . . . . Trap . | . . . . . Miscellaneous . | . . . . . Route ------- -11/Scrapyard -10/Materials -10/Subcaves (discovered 2 exits: [*Mat x2]) -8/Materials -8/Storage (discovered 1 exit: Gar) History --------- Turn | Location | Event 52 | -11/Scrapyard | Discovered new exit (range 12) 108 | -11/Scrapyard | Entered Materials 318 | -10/Materials | Build established: Mutant 879 | -10/Materials | Discovered new exit (range 9) 909 | -10/Materials | Entered Subcaves 910 | -10/Subcaves | Shifting Twisted Machinery released Sub. Machine Gun 1238 | -10/Subcaves | Discovered new exit (range 9) 1767 | -10/Subcaves | Discovered new exit (range 8) 1922 | -10/Subcaves | Core integrity fell below 50% 1934 | -10/Subcaves | Core integrity fell below 20% 1979 | -10/Subcaves | Lost 3 parts (1p1n1u) 2122 | -10/Subcaves | Entered Materials 2122 | -8/Materials | Evolved 4 slots: Propulsion x1, Utility x2, Weapon x1 2129 | -8/Materials | Discovered new exit (range 10) 2162 | -8/Materials | Entered Storage 2199 | -8/Storage | Identified exit to Garrison 2331 | -8/Storage | Released all parts (5) 2355 | -8/Storage | Lost 5 parts (2n1u2w) 2377 | -8/Storage | Core integrity fell below 50% 2403 | -8/Storage | Core integrity fell below 20% 2429 | -8/Storage | Destroyed by G-47 Trooper with Particle Gun Last Messages --------------- 02393_ Connecting with Door Terminal... >>Open(Door) Sealed Heavy Doors opened. 02394_ K-01 Serf cleans the Compression Vault. 02395_ Acquired Reaction Control System. 02400_ Reaction Control System destroyed. 02400_ U-05 Engineer builds a Door. 02408_ W-25 Informer sends out distress signal. 02409_ Slammed into A-02 Transporter. 02419_ Slammed into W-25 Informer. 02419_ W-25 Informer knocked back. 02420_ Slammed into W-25 Informer. 02421_ Connecting with Door Terminal... 02421_ ALERT: Suspicious activity at Terminal S012. Dispatching Investigation squad. 02422_ Slammed into G-47 Trooper. 02423_ Destabilizing: System corrupted (+2). 02424_ Slammed into G-47 Trooper. 02426_ Destabilizing: System corrupted (+2). 02427_ Slammed into G-47 Trooper. Map ----- +----------------------------------------------------+ | ??????????# # """ | | ??????????# # ## """ ### | | ??????????# ######## """ ##? | | ??????????# #??????# T#? | | ??????????# #??????# ^ ### | | ??????????# #??????# ""# | | ????############/###??????# Y"# | | ???## ## ########## "T" ""# | | ??#"" # """ ### | | ??#"Y """"" + | | ??#"" """"" # g ### | | ???## """"" ## ######### ###+##?? | | ???# ##g#T#?????# # T ?? | | ???#?? ## + "?????# + | | ????? ## ###?????# ####### """ "" | | ?????########### #???????# #?????# """ "" | | ???????????????# #???????# #?????# """ "" | | ?????????????### #???????# #?????# | | ?????????????#T# #???????# ??????# | | ?????????????" + #??????##+??????# | | ?????????????###w#????? ????????#?###?# | | ???????????????# #????? ???????????????# | | ???????????????# #???? ????????????????? | | ??????????????## #???? ?????????????????? | | ??????????????#T #??? "?????????????????? | | ??????????????##@#### "?????????????????? | | ?????????#?????#g + "?????????????????? | | ???????????????#a#### "?????????????????? | | ????????#??????# #??? ????????????????? | | ?????########### #????###???????????????? | | ??????# T # #??????????????????????? | | ???#### # ##?????????????????????? | | ??????# # #??????????????????????? | | ??????# # #??????????????????????? | | #???#?# + #??????????????????????? | | ????### """ # #??????????????????????? | | ??????# """ # #### """??????????????? | | ??????# """ + + """??????????????? | | #?????# ###### ???????????? | | ###########/#####???????????????????????? | | # # #?????????? ??????????????? | | #""" # #????????? ???????????????? | | #""" %+=!! ##????????????????????????? | | #""" # * #?????????????????????????? | | # # #?#??????#????????????????? | | # ## ##########?????????????????? | | # ## # #?????????????????? | | # ""## # "" ###???????????????? | | # T"## # "G> ""#???????????????? | | # ""## + "" T"#???????????????? | +----------------------------------------------------+ Best States ------------- Heat Dissipation 31 Energy Generation 10 Energy Capacity 250 Matter Stores 300 Matter Capacity 300 Sight Range 21 Robot Scan Range 15 Terrain Scan Range 16 Terrain Scan Density 10 Armor Coverage 150 Power Shielding 66 Evasion (%) 58 Targeting Accuracy 8 Recoil Reduction 3 Item Schematics ----------------- None Robot Schematics ------------------ None Fabricated ------------ Nothing Alien Tech Used ----------------- None Achievements -------------- None Challenges ------------ None Game ------ Seed ImpactDisruptionBarrier Manual? 0 Play Time 00:21:25 Cumulative 91.9 hours Start 2024.10.07 @ 23:28:20 End 2024.10.08 @ 13:49:50 Sessions 1 Manual Loads 0 Difficulty Rogue Special Mode None Game No. 121 Rogue 121 Adventurer 0 Explorer 0 Win Type - Total 0 Types 0/0/0/0/0/0/0/0/0 Lore% 38 Gallery% 40 Achievement% 39 Wizard Run 0 Options --------- Layout 0 ASCII 0 Keyboard 0 Movement Arrows Keybinds 0 Fullscreen 1 Font 20/SmallcapsGlow Map View 66x50 Zoom Use 0% Tactical HUD 1 Map Filters NONE Filters NONE Steam 1 RUN: ebeaace0-033a-49af-baf3-ff4a28ae3f0c